AoeStats
← Your Doom

Arena

507873957Analyzed
4v4 RM · 13d ago on Sep 20, 2026· 36m 58s· 8 players
Game mode
Random Map
Map size
Large (8 player)
Population
200
Speed
Normal
Resources
Standard
Victory
Conquest
Starting age
Dark Age
Ending age
Imperial Age
RankedLock teamsTeams togetherTeam positionsShared explorationLock speedFull tech treeHidden civsTurbo modeCheats
Victory
Defeat
🇫🇷 Turks · France
889
+12
🇲🇽 Britons · Mexico
888
+12
🇵🇹 Portuguese · Portugal
859
+13
🇯🇵 Mongols · Japan
849
+13
🇨🇴 Khmer · Colombia
818
-13
🇧🇷 Khmer · Brazil
804
-13
🇺🇸 Ethiopians · United States
789
-12
🇺🇸 Armenians · United States
774
-12
MylordSoares
12:53 Feudal Age
14:41 Double-Bit Axe
14:39 Horse Collar
20:32 Castle Age
19:49 Gold Mining
19:50 Stone Mining
22:14 Bow Saw
Grogolog
4:06 Loom
5:26 Loom
9:45 Feudal Age
12:26 Double-Bit Axe
13:14 Horse Collar
18:15 Fletching
18:25 Padded Archer Armor
23:42 Castle Age
24:04 Forging
23:55 Scale Mail Armor
25:53 Caravan
25:34 Crossbowman
26:12 Bodkin Arrow
26:21 Squires
26:07 Arson
27:49 Thumb Ring
27:05 Elite Skirmisher
28:33 Stone Mining
31:16 Gold Mining
32:19 Iron Casting
34:38 Heavy Plow
36:53 Wheelbarrow
36:03 Town Watch
Henry_David_Throw
10:17 Feudal Age
10:52 Double-Bit Axe
10:53 Horse Collar
12:27 Man-at-Arms
13:22 Arson
13:36 Long Swordsman
15:21 Forging
15:50 Scale Mail Armor
24:10 Castle Age
25:56 Wheelbarrow
26:06 Caravan
27:21 Squires
26:42 Two-Handed Swordsman
27:08 Gambesons
28:47 Loom
30:03 Hand Cart
30:40 Bow Saw
32:43 Pikeman
HardGabber
13:31 Feudal Age
17:26 Castle Age
16:03 Horse Collar
34:57 Imperial Age
34:44 Pikeman
36:36 Fletching
36:38 Heated Shot
37:09 Ballistics
37:49 Chemistry
betoo.valem
10:47 Feudal Age
11:12 Double-Bit Axe
19:46 Castle Age
21:45 Loom
27:46 Horse Collar
32:08 Imperial Age
32:12 Fletching
32:30 Gold Mining
33:20 Wheelbarrow
33:54 Ballistics
34:03 Conscription
36:33 Chemistry
35:31 Bodkin Arrow
36:03 Hand Cart
Your Doom
13:56 Feudal Age
18:22 Castle Age
17:13 Double-Bit Axe
17:13 Horse Collar
17:36 Gold Mining
18:10 Stone Mining
19:33 Loom
20:24 Wheelbarrow
21:04 Fervor
26:48 Hand Cart
28:47 Bow Saw
29:50 Stone Shaft Mining
31:52 Imperial Age
30:31 Town Watch
31:05 Fletching
30:58 Pikeman
35:50 Chemistry
34:47 Murder Holes
35:18 Treadmill Crane
36:20 Stone Shaft Mining
36:59 Two-Man Saw
missahmiccy
1:09 Loom
2:14 Loom
12:19 Feudal Age
13:48 Double-Bit Axe
13:48 Horse Collar
21:38 Castle Age
20:51 Wheelbarrow
21:34 Forging
21:25 Gold Mining
21:28 Stone Mining
22:47 Bow Saw
22:35 Pikeman
24:39 Heavy Plow
25:45 Hand Cart
26:37 Light Cavalry
27:30 Bloodlines
27:22 Husbandry
27:30 Scale Barding Armor
29:57 Town Watch
33:45 Ballistics
33:37 Masonry
33:23 Murder Holes
35:52 Gold Shaft Mining
35:54 Stone Shaft Mining
36:01 Stone Shaft Mining
38:37 Imperial Age
francis le tueur
12:46 Feudal Age
14:09 Double-Bit Axe
14:07 Horse Collar
14:19 Gold Mining
15:07 Wheelbarrow
18:44 Castle Age
27:02 Imperial Age
24:49 Bow Saw
25:16 Gold Shaft Mining
24:43 Heavy Plow
28:09 Hand Cart
30:40 Padded Archer Armor
31:39 Leather Archer Armor
33:16 Ring Archer Armor
34:36 Two-Man Saw
33:25 Town Watch
33:28 Loom
34:52 Ballistics
34:46 Masonry
34:47 Fortified Wall
34:19 Treadmill Crane
34:33 Heated Shot
34:43 Guard Tower
35:18 Murder Holes
35:10 Arrowslits
36:31 Bombard Tower
37:48 Architecture
Connection lost

Rejoining the realm…

Still unreachable

The connection could not be restored.

Session expired

The server has moved on; the page needs a fresh start.